 Dungeon Crawl Stone Soup version 0.27.0-1-g7a089689b8 (webtiles) character file.

Game seed: 9099079825135239680

44 Acheron the Skirmisher (level 3, 0/23 HPs)
             Began as a Gargoyle Fighter on Aug 12, 2021.
             Slain by a gnoll (3 damage)
             ... on level 3 of the Dungeon.
             The game lasted 00:05:30 (1428 turns).

Acheron the Skirmisher (Gargoyle Fighter)           Turns: 1428, Time: 00:05:30

Health: 0/23       AC: 11    Str: 19    XL:     3   Next: 62%
Magic:  3/3        EV:  7    Int:  8    God:
Gold:   75         SH:  9    Dex: 10    Spells: 2/2 levels left

rFire    . . .     SeeInvis .   a - +0 war axe
rCold    . . .     Faith    .   c - +0 kite shield
rNeg     + . .     Spirit   .   b - +0 scale mail
rPois    ∞         Reflect  .   (no helmet)
rElec    +         Harm     .   g - +0 cloak
rCorr    .         Rampage  .   (no gloves)
Will     .....                  (no boots)
Stlth    ..........             (no amulet)
HPRegen  0.07/turn              (no ring)
MPRegen  0.08/turn              (no ring)

@: no status effects
A: sickness immunity, AC +3, negative energy resistance 1, electricity
resistance, torment resistance 1, petrification resistance
a: no special abilities


You were on level 3 of the Dungeon.
You visited 1 branch of the dungeon, and saw 3 of its levels.

You collected 75 gold pieces.

Inventory:

Hand Weapons
 a - a +0 war axe (weapon)
Missiles
 f - 29 stones (quivered)
Armour
 b - a +0 scale mail (worn)
 c - a +0 kite shield (worn)
 g - a +0 cloak (worn)
Scrolls
 e - a scroll of blinking {unknown}
 h - 2 scrolls of immolation {unknown}
 j - 3 scrolls of enchant weapon {unknown}
 k - a scroll of fog {unknown}
 m - 3 scrolls of vulnerability {unknown}
 n - a scroll of fear {unknown}
Potions
 d - a potion of might
 i - 2 potions of brilliance {unknown}
 l - a potion of curing {unknown}


   Skills:
 * Level 3.6 Fighting
 + Level 2.2 Axes
 + Level 3.5 Armour
 * Level 0.5 Dodging
 * Level 1.5 Stealth
 + Level 3.6 Shields


You had 2 spell levels left.
You didn't know any spells.
Your spell library contained the following spells:

 Spells                   Type           Power      Damage    Failure   Level
 Slow                     Hex            0%         N/A       100%        2
 Confusing Touch          Hex            0%         N/A       100%        3
 Ozocubu's Armour         Ice            0%         N/A       100%        3
 Metabolic Englaciation   Hex/Ice        0%         N/A       100%        5
 Yara's Violent Unravell  Hex/Tmut       0%         3d3       100%        5
 Simulacrum               Ice/Necr       0%         N/A       100%        6


Dungeon Overview and Level Annotations

Branches:
Dungeon (3/15)

Altars:


Innate Abilities, Weirdness & Mutations

You are immune to sickness and miasma.
Your stone body is resilient. (AC +3)
You are immune to poison.
You resist negative energy. (rN+)
You are resistant to electric shocks. (rElec)
You are resistant to unholy torment.
You are immune to petrification.


Message History

h - 2 scrolls labelled UTIADI YXKON (gained 1)
An adder and an endoplasm come into view.
The adder hisses angrily. 2 gnolls come into view.
A gnoll is wielding a +0 vorpal halberd.
The gnoll shouts! x2; You hear a shout!
You hear an angry hiss.
The endoplasm hits you but does no damage.
You closely miss the adder. The adder bites you but does no damage.
The adder bites you.
You closely miss the adder. The adder bites you but does no damage.
You block the adder's attack.
You closely miss the adder. The adder bites you but does no damage.
The adder barely misses you.
You barely miss the adder. You block the adder's attack.
The adder bites you but does no damage.
You slash the adder!
The adder is almost dead.
The adder bites you but does no damage. The gnoll barely misses you.
You block the adder's attack.
You closely miss the adder.
The adder is almost dead.
The adder completely misses you. You block the gnoll's attack.
The adder bites you but does no damage. You block the gnoll's attack.
You slash the adder!
You kill the adder!
The gnoll barely misses you.
The endoplasm hits you but does no damage.
Your shield prevents you from hitting the endoplasm.
The gnoll hits you but does no damage. The endoplasm freezes you.
You are frozen.
You block the gnoll's attack.
Your shield and scale mail prevent you from hitting the endoplasm.
The endoplasm freezes you.
You are frozen.
The gnoll hits you from afar with a +0 vorpal halberd.
The endoplasm freezes you.
You are frozen.
* * * LOW HITPOINT WARNING * * *
The gnoll hits you from afar with a +0 vorpal halberd.
You die...

....#<..# .
#.....#
#.####..#
#.####..##### .
#.......#... ..
##..###.#.##...
#....#........
#........###..
######@.........
+....J##########
#####g....#
#..##+#
#..........#
......##......#
.g.... ......#
..... ......#
...g. ......#


You could see a gnoll and an endoplasm.

Vanquished Creatures
  An adder (D:3)
  4 bats
  7 endoplasms
  A giant cockroach (D:2)
  3 goblins
  3 hobgoblins
  7 kobolds (D:1)
  2 ball pythons
  A frilled lizard (D:2)
  2 rats (D:1)
31 creatures vanquished.

Notes
Turn   | Place    | Note
-------+----------+-------------------------------------------
     0 | D:1      | Acheron the Gargoyle Fighter began the quest for the Orb.
     0 | D:1      | Reached XP level 1. HP: 14/14 MP: 1/1
    32 | D:1      | You fall into a shaft and drop 1 floor!
    81 | D:1      | Reached XP level 2. HP: 7/19 MP: 2/2
   351 | D:1      | Found a faded altar of an unknown god.
   570 | D:1      | Reached skill level 1 in Stealth
   836 | D:1      | Reached XP level 3. HP: 23/23 MP: 3/3
  1428 | D:3      | Slain by a gnoll

Illustrated notes

Levels and vault maps discovered:
D:1:      elethiomel_arrival_quiet, layout_basic, ebering_ecumenical_altar_hall
D:2:      layout_loops_ring, minmay_misc_feat_roman, grunt_ministairs_13
D:3:      layout_basic

Skill      XL: |  1  2 |
---------------+-------+-----
Stealth        | 1 |  1.5
Axes           | 2 |  2.2
Fighting       | |  3.6
Armour         | |  3.5
Dodging        | |  0.5
Shields        | |  3.6

Action                   || total
-------------------------++-------
Melee: War axe           ||    74
Armor: Scale mail        ||    53
Dodge: Dodged            ||    22
Block: Kite shield       ||    53
